Map: Backwater LE

Players

llllllllllll - Winner!

  • Race: Zerg Zerg
  • League: Master
  • Spawn Location: 5:00

Berzerker

  • Race: Protoss Protoss
  • League: Master
  • Spawn Location: 11:00

VOD

Have the link to the VOD?

Description

Time

  • Played on: April 19, 2018, 3:42 p.m.
  • Length: 9:07
Show
View Real Time Build Order
Export as new Build Order

llllllllllll Zerg - Winner!

Build Orders: Hatch First, Roach Nydus 

Get SALT Encoding   

  12  0:01  Drone  
  13  0:12  Overlord  
  13  0:17  Drone  
  14  0:30  Drone x2  
  16  0:49  Hatchery  
  15  0:53  Drone  
  15  0:56  Drone  
  17  1:00  Extractor  
  16  1:14  Spawning Pool  
  16  1:16  Drone  
  16  1:20  Drone  
  16  1:24  Drone  
  18  1:29  Drone  
  19  1:41  Drone  
  20  1:52  Drone  
  21  2:02  Lair  
  21  2:03  Queen  
  21  2:05  Zergling x4  
  25  2:11  Drone  
  25  2:13  Extractor, Drone  
  26  2:24  Drone  
  26  2:25  Drone  
  26  2:29  Roach Warren  
  27  2:34  Overlord  
  27  2:48  Drone  
  28  2:52  Queen  
  28  2:58  Zergling x4  
  31  3:03  Nydus Network  
  30  3:08  Roach  
  30  3:11  Roach  
  34  3:16  Roach  
  36  3:22  Overlord  
  36  3:26  Extractor  
  35  3:27  Extractor  
  35  3:29  Roach  
  35  3:33  Extractor  
  38  3:44  Nydus Canal  
  40  3:48  Roach x2  
  40  3:52  Roach  
  40  3:55  Overlord  
  44  4:13  Overlord  
  44  4:14  Roach x3  
  49  4:19  Roach  
  50  4:24  Roach  
  50  4:31  Roach  
  53  4:32  Roach  
  55  5:19  Roach  
  55  5:20  Roach  
  59  5:52  Drone  
  59  5:54  Overlord x5  
  60  6:05  Metabolic Boost  
  60  6:22  Zergling x4  
  60  6:23  Zergling x4  
  60  6:25  Queen  
  66  6:26  Zergling x2  
  66  6:28  Zergling x2  
  68  6:36  Queen  
  68  6:37  Zergling x2  
  71  7:06  Zergling x8  
  71  7:07  Zergling x2  
  71  7:08  Zergling x2  
  77  7:21  Zergling x4  
  79  7:44  Zergling x18  
  83  7:47  Zergling x2  
  89  8:06  Roach x3  
  95  8:33  Overlord x7  
Show
View Real Time Build Order
Export as new Build Order

Berzerker Protoss 

Build Orders: 1 Gate Expand 

Get SALT Encoding   

  12  0:01  Probe  
  13  0:13  Probe  
  14  0:21  Pylon  
  14  0:25  Probe  
  15  0:35  Probe  
  16  0:43  Probe  
  16  0:45  Gateway  
  17  0:50  Assimilator  
  17  0:53  Probe  
  18  1:07  Probe  
  19  1:19  Probe  
  20  1:28  Nexus  
  20  1:41  Cybernetics Core  
  20  1:43  Probe  
  21  1:52  Assimilator  
  21  1:53  Pylon  
  21  1:55  Probe  
  22  2:07  Probe  
  23  2:09  Adept  
  23  2:16  Probe  
  23  2:19  Warp Gate  
  26  2:24  Probe  
  27  2:33  Probe  
  27  2:34  Twilight Council  
  27  2:35  Adept  
  30  2:37  Probe  
  31  2:45  Probe x2  
  33  2:55  Probe  
  33  2:57  Probe  
  35  3:07  Probe  
  35  3:08  Gateway  
  35  3:10  Gateway  
  35  3:11  Probe, Resonating Glaives  
  37  3:18  Adept  
  40  3:20  Probe  
  40  3:23  Probe  
  41  3:32  Probe  
  42  3:40  Shield Battery  
  42  3:42  Shield Battery  
  42  3:43  Pylon  
  42  3:44  Probe  
  42  3:45  Probe  
  44  3:48  Adept  
  44  3:54  Assimilator  
  29  4:24  Zealot  
  29  4:25  Zealot x2  
  9  5:51  Nexus  
  9  5:58  Nexus  
  9  6:04  Nexus  
  8  6:14  Nexus  
  8  6:17  Pylon  
Tags
 
Add a new tag
Caveats
  • Supply blocks, unpowered buildings, or Contaminate may cause inaccurate times.
  • Supply counts are checked every 10 seconds.